 Dungeon Crawl Stone Soup version 0.19-a0-1268-g6c5d9f8 (webtiles) character file.

71677 Amnesiac the Devastator (level 14, -29/80 HPs)
             Began as a Deep Elf Wizard on Aug 29, 2016.
             Was a High Priest of Sif Muna.
             Killed from afar by a servant of whispers (32 damage)
             ... with a bolt of lightning
             ... in the Desolation of Salt.
             The game lasted 01:06:38 (19966 turns).

Amnesiac the Devastator (Deep Elf Wizard)          Turns: 19966, Time: 01:06:39

Health: -29/80     AC: 15    Str:  4    XL:     14   Next: 98%
Magic:  2/36       EV: 20    Int: 29    God:    Sif Muna [*****.]
Gold:   482        SH:  0    Dex: 13    Spells: 9 memorised, 20 levels left

rFire  + + .     SeeInvis +     C - +8 whip "Snakebite" {curare, rPois}
rCold  . . .     Gourm    .     Z - +2 robe {rN+}
rNeg   + . .     Faith    +     (no shield)
rPois  +         Spirit   .     Q - +2 hat
rElec  .         Dismiss  .     y - +0 cloak
rCorr  .         Reflect  .     i - +2 pair of gloves
MR     +....     Harm     .     k - +1 pair of boots
Stlth  ++........               V - amulet of faith
                                v - ring of see invisible
                                a - ring of protection from fire

@: very slightly contaminated, hasted and slowed, repel missiles, divine energy
A: molten scales 1, fire resistance 1, screaming 1, shaggy fur 1
a: Stop Divine Energy, Channel Magic, Forget Spell, Renounce Religion


You were in the Desolation of Salt.
You worshipped Sif Muna.
Sif Muna was extremely pleased with you.
You were hungry.

You visited 5 branches of the dungeon, and saw 19 of its levels.
You also visited: Volcano and Desolation.

You collected 1673 gold pieces.
You spent 1191 gold pieces at shops.

Inventory:

Hand Weapons
 n - a +3 lajatang
 C - the +8 whip "Snakebite" (weapon) {curare, rPois}
   (You found it on level 5 of the Lair of Beasts)

   It poisons the flesh of those it strikes.
   It protects you from poison.
Armour
 i - a +2 pair of gloves (worn)
 k - a +1 pair of boots (worn)
 y - a +0 cloak (worn)
 Q - a +2 hat (worn)
 S - a +3 leather armour of fire resistance
 Z - a +2 robe of positive energy (worn)
Rods
 h - a +0 iron rod (14/14)
   (You found it on level 5 of the Lair of Beasts)
Jewellery
 a - a ring of protection from fire (left hand)
 b - an uncursed amulet of magic regeneration
 v - a ring of see invisible (right hand)
 V - an amulet of faith (around neck)
Wands
 e - a wand of acid (2/15)
 m - a wand of digging (12/24)
 u - a wand of iceblast (9/15)
 K - a wand of enslavement (10/24)
 O - a wand of random effects (20/48)
 X - a wand of teleportation (2/9)
 Y - a wand of lightning (5/15)
Scrolls
 f - a scroll of fog
 o - 4 scrolls of magic mapping
 q - 8 scrolls of recharging
 r - 7 scrolls of remove curse
 t - 2 scrolls of enchant armour
 G - 3 scrolls of amnesia
 M - 2 scrolls of noise {unknown}
Potions
 l - 6 potions of curing
 w - a potion of resistance {unknown}
 B - a potion of lignification
 D - 3 potions of flight
 E - 3 potions of might
 P - a potion of experience
 R - a potion of berserk rage
 T - a potion of cure mutation
 U - 2 potions of haste
Books
 c - a book of Minor Magic

   Spells                             Type                      Level
   a - Magic Dart                     Conjuration                  1
   b - Blink                          Translocation                2
   c - Call Imp                       Summoning                    2
   d - Repel Missiles                 Charms/Air                   2
   e - Slow                           Hexes                        2
   f - Conjure Flame                  Conjuration/Fire             3
   g - Mephitic Cloud                 Conjuration/Poison/Air       3
 g - a book of Ice

   Spells                             Type                      Level
   a - Ice Form                       Ice/Transmutation            4
   b - Metabolic Englaciation         Hexes/Ice                    5
   c - Ozocubu's Refrigeration        Ice                          6
   d - Bolt of Cold                   Conjuration/Ice              6
   e - Freezing Cloud                 Conjuration/Ice/Air          6
   f - Simulacrum                     Ice/Necromancy               6
 p - Xugun's Collected Works on Arcane Weapons
   (Sif Muna gifted it to you on level 4 of the Lair of Beasts)

   Spells                             Type                      Level
   a - Iskenderun's Mystic Blast      Conjuration                  4
   b - Lightning Bolt                 Conjuration/Air              5
   c - Iskenderun's Battlesphere      Conjuration/Charms           5
   d - Conjure Ball Lightning         Conjuration/Air              6
 x - Sif Muna's Reference Book on Harmful Necromancy
   (Sif Muna gifted it to you on level 1 of the Lair of Beasts)

   Spells                             Type                      Level
   a - Magic Dart                     Conjuration                  1
   b - Static Discharge               Conjuration/Air              3
   c - Fireball                       Conjuration/Fire             5
   d - Venom Bolt                     Conjuration/Poison           5
   e - Bolt of Magma                  Conjuration/Fire/Earth       5
   f - Iron Shot                      Conjuration/Earth            6
   g - Death Channel                  Necromancy                   6
 F - Sif Muna's Almanac of Creation
   (Sif Muna gifted it to you on level 1 of the Elven Halls)

   Spells                             Type                      Level
   a - Call Imp                       Summoning                    2
   b - Spellforged Servitor           Conjuration/Summoning        7
   c - Haunt                          Necromancy/Summoning         7
   d - Malign Gateway                 Summoning/Translocation      7
 I - Sif Muna's Almanac of Flamy Battle Magic
   (Sif Muna gifted it to you on level 2 of the Lair of Beasts)

   Spells                             Type                      Level
   a - Sting                          Conjuration/Poison           1
   b - Searing Ray                    Conjuration                  2
   c - Throw Flame                    Conjuration/Fire             2
   d - Sticky Flame                   Conjuration/Fire             4
   e - Delayed Fireball               Conjuration/Fire             7
 J - Sif Muna's Papyrus of the Dark Glacier
   (Sif Muna gifted it to you on level 5 of the Lair of Beasts)

   Spells                             Type                      Level
   a - Ensorcelled Hibernation        Hexes/Ice                    2
   b - Freezing Cloud                 Conjuration/Ice/Air          6
   c - Simulacrum                     Ice/Necromancy               6
Comestibles
 d - 12 bread rations
 j - 7 meat rations
 s - 20 fruits
 z - 8 slices of pizza
 A - 3 beef jerkies
 W - 3 chunks of flesh


   Skills:
 - Level 6.0 Fighting
 - Level 4.6 Staves
 + Level 12.6 Dodging
 - Level 2.4 Stealth
 - Level 16.0 Spellcasting
 - Level 16.1 Conjurations
 - Level 1.1 Summonings
 - Level 1.1 Translocations
 - Level 8.0 Fire Magic
 - Level 8.0 Earth Magic
 - Level 7.0 Invocations


You had 20 spell levels left.
You knew the following spells:

 Your Spells              Type           Power        Failure   Level  Hunger
a - Repel Missiles        Chrm/Air       ###...       2%          2    None
b - Blink                 Tloc           N/A          1%          2    None
c - Summon Butterflies    Summ           ####....     1%          1    None
d - Apportation           Tloc           ####......   1%          1    None
e - Mephitic Cloud        Conj/Pois/Air  ######..     1%          3    None
f - Iron Shot             Conj/Erth      #######...   1%          6    ###....
s - Conjure Flame         Conj/Fire      #######.     1%          3    None
w - Delayed Fireball      Conj/Fire      N/A          14%         7    #####..
z - Fireball              Conj/Fire      #######...   1%          5    None


Dungeon Overview and Level Annotations

Branches:
Dungeon (10/15)            Temple (1/1) D:7            Lair (6/6) D:10
  Swamp (0/4) Lair:4       Spider (0/4) Lair:4        Slime (0/5) Lair:6
    Orc (2/2) D:10            Elf (1/3) Orc:2

Altars:
Ashenzari
Cheibriados
Dithmenos
Fedhas
Gozag
Hepliaklqana
Kikubaaqudgha
Makhleb
Nemelex Xobeh
Okawaru
Qazlal
Ru
Sif Muna
Trog
Uskayaw
Vehumet
Xom
Yredelemnul
The Shining One
Jiyva

Shops:
D:9 *   Orc:2 !:?!   Elf:1 }!

Annotations:
D:4 exclusions: ogre and worker ant
D:7 exclusion: wraith, Menkaure
D:8 exclusion: door


Innate Abilities, Weirdness & Mutations

You are partially covered in molten scales. (AC +2)
Your flesh is heat resistant. (rF+)
You occasionally shout uncontrollably at your foes.
You are covered in fur. (AC +1)


Message History

The halazid warlock shouts!
The ragged hierophant casts a spell at you.
A blast of power from the earth strikes you!
* * * LOW HITPOINT WARNING * * *
You hear a shout!
Unknown command.
The ragged hierophant casts a spell at you.
A blast of power from the earth strikes you!
* * * LOW HITPOINT WARNING * * *
Your surroundings suddenly seem different.
Unknown command.
Casting: Iron Shot
Confirm with . or Enter, or press ? or * to list all spells.
You blink.
The servant of whispers shouts!
The saltling hits you!
* * * LOW HITPOINT WARNING * * *
The servant of whispers calls down the wrath of its god upon you.
The bolt of lightning hits you!
You die...

#..§§.§ .§§....8.8....... #.....§
§§...................
.....§§§§.§......................
........§§.§.....................
...##.#.......8..................
...# #..........................
.... ........#.................
#.....#.................
#.....#@.....8..........
#.....§.8.§........ ....
####.....t§§§§p§§. ....
#.......§.§§§§8. ....
#.8......8§§§§§ ....
#........§.8§§ .... ##.......§..§
#... .........§§§§§§ .....
#..........8§§§§§ .....


You could see an alligator snapping turtle, a servant of whispers and 4
saltlings.

Vanquished Creatures
  Gastronok (D:8)
  The ghost of braks the Basher, a journeyman OgMo of Kikubaaqudgha (Lair:2)
  An ettin (Orc:2)
  9 hydras
  A peacekeeper (Desolation)
  A centaur warrior (Orc:2)
  A servant of whispers (Desolation)
  2 dancing weapons
  15 death yaks
  2 deep elf knights (Elf:1)
  The ghost of Rationalist the Shield-Bearer, a novice MiFi of Trog (D:7)
  A salamander mystic (Volcano)
  2 deep elf archers
  2 hill giants (D:10)
  2 orc knights
  A wolf spider zombie (D:9)
  An orb spider (Lair:4)
  12 deep elf magi
  An orc sorcerer (Elf:1)
  4 salamanders (Volcano)
  4 elephants (Lair:3)
  Maurice (Orc:2)
  4 black mambas
  2 guardian serpents (Desolation)
  23 spiny frogs
  A torpor snail (Lair:3)
  5 komodo dragons
  2 rime drakes
  A yaktaur (shapeshifter) (Elf:1)
  A troll (Orc:1)
  A polar bear (Lair:5)
  17 blink frogs
  4 giant leeches (Lair:6)
  2 saltlings (Desolation)
  A spriggan (D:9)
  A wraith (D:10)
  2 wyverns
  3 hill giant zombies (D:10)
  A water elemental (Orc:2)
  8 yaks
  Grum (D:8)
  7 hippogriffs
  9 vampire mosquitoes
  4 basilisks
  A hungry ghost (D:10)
  5 wargs
  6 porcupines
  20 water moccasins
  2 ice beasts
  28 orc warriors
  A wasp (Lair:4)
  A black bear (D:8)
  A phantom (D:10)
  12 centaurs
  19 crocodiles
  14 wolves
  8 ogres
  24 giant frogs
  An earth elemental (Elf:1)
  A wyvern skeleton (D:10)
  2 scorpions
  A water moccasin skeleton (D:8)
  A troll zombie (D:10)
  4 killer bees (D:8)
  6 electric eels
  3 wights (D:10)
  2 howler monkeys (D:9)
  2 crimson imps
  A giant frog zombie (D:8)
  A quasit (D:8)
  4 hounds
  A jelly (D:9)
  13 orc priests
  11 orc wizards
  A gnoll shaman (Orc:1)
  A centaur skeleton (D:9)
  7 iguanas
  3 worker ants
  4 ogre zombies (D:10)
  A hound skeleton (D:6)
  2 worker ant zombies
  5 gnolls (Orc:1)
  19 adders
  37 river rats
  2 giant geckos (D:6)
  46 orcs
  A giant cockroach (D:8)
  4 jackals
  3 kobolds
  A quokka (D:7)
  2 ball pythons
  A giant newt (D:3)
  A goblin skeleton (D:10)
  3 goblin zombies (D:10)
  A hobgoblin skeleton (D:10)
  3 hobgoblin zombies (D:10)
  2 orc skeletons (D:10)
  15 orc zombies (D:10)
  A quokka zombie (D:8)
  A rat (D:3)
  A bush (Lair:4)
  4 fungi
  11 plants
545 creatures vanquished.

Vanquished Creatures (others)
  30 fungi
  32 plants
62 creatures vanquished.

Grand Total: 607 creatures vanquished

Notes
Turn   | Place    | Note
-------+----------+-------------------------------------------
     0 | D:1      | Amnesiac the Deep Elf Wizard began the quest for the Orb.
     0 | D:1      | Reached XP level 1. HP: 10/10 MP: 7/7
   271 | D:3      | Reached XP level 2. HP: 4/15 MP: 0/9
   348 | D:3      | Learned a level 2 spell: Repel Missiles
   351 | D:3      | Learned a level 2 spell: Blink
   983 | D:4      | Noticed an ogre
  1286 | D:4      | You fall through a shaft for 3 floors!
  1286 | D:7      | Found a blossoming altar of Fedhas.
  1288 | D:7      | Found a sparkling altar of Nemelex Xobeh.
  1313 | D:7      | Noticed a crimson imp
  1322 | D:7      | Killed a crimson imp
  1322 | D:7      | Reached XP level 3. HP: 19/19 MP: 0/11
  1327 | D:7      | Learned a level 3 spell: Mephitic Cloud
  1331 | D:7      | Learned a level 3 spell: Conjure Flame
  1422 | D:7      | Noticed Rationalist's ghost (novice MiFi)
  1438 | D:7      | Killed Rationalist's ghost
  1438 | D:7      | Reached XP level 4. HP: 15/24 MP: 8/12
  1438 | D:7      | Reached XP level 5. HP: 18/28 MP: 8/13
  1438 | D:7      | Reached XP level 6. HP: 20/32 MP: 8/14
  1438 | D:7      | Reached XP level 7. HP: 23/36 MP: 8/15
  1593 | D:7      | Noticed a wraith
  1624 | D:7      | Found a staircase to the Ecumenical Temple.
  1625 | D:7      | Noticed Menkaure
  1840 | D:7      | Reached skill level 5 in Spellcasting
  1910 | Temple   | Entered the Ecumenical Temple
  2171 | Temple   | Became a worshipper of Sif Muna the Loreminder
  2306 | D:8      | Noticed a wyvern
  2318 | D:8      | Killed a wyvern
  2414 | D:8      | Noticed Grum
  2431 | D:8      | Reached XP level 8. HP: 41/41 MP: 0/22
  2437 | D:8      | Reached * piety under Sif Muna
  2532 | D:8      | Killed Grum
  3283 | D:6      | Learned a level 1 spell: Summon Butterflies
  3285 | D:6      | Learned a level 1 spell: Apportation
  3340 | D:7      | Reached skill level 10 in Conjurations
  3473 | D:8      | Reached ** piety under Sif Muna
  3495 | D:8      | Noticed Gastronok
  3507 | D:8      | Reached skill level 10 in Spellcasting
  3707 | D:8      | Killed Gastronok
  3707 | D:8      | Reached *** piety under Sif Muna
  3707 | D:8      | Reached XP level 9. HP: 9/45 MP: 3/26
  4111 | D:8      | Reached XP level 10. HP: 20/50 MP: 6/27
  5178 | D:9      | Noticed a hand axe
  5179 | D:9      | Noticed a dagger
  5627 | D:9      | Found Vagu's Assorted Antiques.
  5630 | D:9      | Bought a runed platinum amulet for 135 gold pieces
  5630 | D:9      | Bought a scroll labeled OXTIMY APN for 27 gold pieces
  5630 | D:9      | Bought a scroll labeled HEUPRIKOYT for 27 gold pieces
  5630 | D:9      | Bought an amethyst potion for 24 gold pieces
  5660 | D:10     | Entered Level 10 of the Dungeon
  5941 | D:9      | Found a snail-covered altar of Cheibriados.
  5944 | D:9      | Noticed a deep elf mage
  5958 | D:9      | Killed a deep elf mage
  5958 | D:9      | Reached **** piety under Sif Muna
  6077 | D:9      | Found a hide-covered altar of Uskayaw.
  6297 | D:10     | Noticed a hill giant
  6350 | D:10     | Killed a hill giant
  6684 | D:10     | Found a staircase to the Orcish Mines.
  7127 | D:10     | Reached XP level 11. HP: 54/54 MP: 26/30
  7158 | D:10     | Found a staircase to the Lair.
  7473 | Lair:1   | Entered Level 1 of the Lair of Beasts
  7517 | Lair:1   | Reached ***** piety under Sif Muna
  7577 | Lair:1   | Noticed a death yak
  7579 | Lair:1   | Noticed a death yak
  7593 | Lair:1   | Noticed a death yak
  7594 | Lair:1   | Killed a death yak
  7594 | Lair:1   | Identified Sif Muna's Reference Book on Harmful Necromancy (Sif Muna gifted it to you on level 1 of the Lair of Beasts)
  7594 | Lair:1   | Received a gift from Sif Muna
  7595 | Lair:1   | Noticed a death yak
  7604 | Lair:1   | Learned a level 6 spell: Iron Shot
  7822 | Lair:1   | Killed a death yak
  7823 | Lair:1   | Killed a death yak
  7831 | Lair:1   | Killed a death yak
  7831 | Lair:1   | Reached skill level 5 in Earth Magic
  8111 | Lair:1   | Noticed a six-headed hydra
  8180 | Lair:1   | Killed a six-headed hydra
  8180 | Lair:1   | Reached skill level 15 in Conjurations
  9371 | Lair:2   | Noticed braks's ghost (journeyman OgMo)
  9394 | Lair:2   | Killed braks's ghost
  9394 | Lair:2   | Identified Sif Muna's Almanac of Flamy Battle Magic (Sif Muna gifted it to you on level 2 of the Lair of Beasts)
  9394 | Lair:2   | Received a gift from Sif Muna
  9394 | Lair:2   | Reached skill level 15 in Spellcasting
  9636 | Lair:2   | Reached XP level 12. HP: 59/59 MP: 20/33
 10640 | Lair:3   | Noticed a death yak
 10648 | Lair:3   | Noticed a death yak
 10649 | Lair:3   | Killed a death yak
 10655 | Lair:3   | Killed a death yak
 11322 | Lair:3   | Learned a level 5 spell: Fireball
 11330 | Lair:3   | Learned a level 7 spell: Delayed Fireball
 11335 | Lair:4   | Noticed a death yak
 11335 | Lair:4   | Noticed a death yak
 11335 | Lair:4   | Noticed a death yak
 11335 | Lair:4   | Noticed a death yak
 11335 | Lair:4   | Noticed a death yak
 11335 | Lair:4   | Noticed a death yak
 11753 | Lair:4   | Killed a death yak
 11753 | Lair:4   | Identified Xugun's Collected Works on Arcane Weapons (Sif Muna gifted it to you on level 4 of the Lair of Beasts)
 11753 | Lair:4   | Received a gift from Sif Muna
 11768 | Lair:3   | Killed a death yak
 12011 | Lair:4   | Reached skill level 5 in Fire Magic
 12060 | Lair:4   | Killed a death yak
 12302 | D:9      | Bought a coppery potion for 24 gold pieces
 12470 | Lair:4   | Killed a death yak
 12470 | Lair:4   | Reached XP level 13. HP: 51/63 MP: 15/35
 12687 | Lair:4   | Found a staircase to the Swamp.
 12855 | Lair:4   | Found a hole to the Spider Nest.
 13257 | Lair:4   | Found a glowing golden altar of the Shining One.
 13658 | Lair:5   | Identified Sif Muna's Papyrus of the Dark Glacier (Sif Muna gifted it to you on level 5 of the Lair of Beasts)
 13658 | Lair:5   | Received a gift from Sif Muna
 13669 | Lair:5   | Reached skill level 5 in Dodging
 15191 | Lair:6   | Entered Level 6 of the Lair of Beasts
 15194 | Lair:6   | Reached skill level 10 in Dodging
 15195 | Lair:6   | Reached skill level 1 in Fighting
 15371 | Lair:6   | Found a viscous altar of Jiyva.
 15372 | Lair:6   | Found a staircase to the Slime Pits.
 15408 | Lair:6   | Found a dark tunnel.
 15418 | Volcano  | Entered a volcano
 15439 | Volcano  | Found a radiant altar of Vehumet.
 15806 | Lair:6   | Reached skill level 1 in Staves
 15868 | Lair:6   | Reached XP level 14. HP: 46/76 MP: 30/36
 16352 | Lair:6   | Reached skill level 5 in Fighting
 17011 | Orc:1    | Entered Level 1 of the Orcish Mines
 17118 | Orc:1    | Reached skill level 1 in Invocations
 17258 | Orc:1    | Found a burning altar of Makhleb.
 17431 | Orc:2    | Entered Level 2 of the Orcish Mines
 17742 | Orc:2    | Noticed Maurice
 17750 | Orc:2    | Killed Maurice
 17835 | Orc:2    | Found a bloodstained altar of Trog.
 17854 | Orc:2    | Found a staircase to the Elven Halls.
 18179 | Orc:2    | Reached skill level 5 in Invocations
 19292 | Orc:2    | Found Yfistujustri's Book Shoppe.
 19292 | Orc:2    | Found Gorikkown's Magic Scroll Boutique.
 19294 | Orc:2    | Found Tuiwi's Distillery.
 19296 | Orc:2    | Found Kiku's Distillery.
 19301 | Orc:2    | Bought a scroll of blinking for 82 gold pieces
 19308 | Orc:2    | Bought a potion of heal wounds for 75 gold pieces
 19308 | Orc:2    | Gained mutation: You are weak. (Str -2) [potion of mutation]
 19308 | Orc:2    | Gained mutation: You have sharp toenails. [potion of mutation]
 19308 | Orc:2    | Gained mutation: Scrolls take you a little longer to read. [potion of mutation]
 19309 | Orc:2    | Bought 2 potions of cure mutation for 750 gold pieces
 19309 | Orc:2    | Lost mutation: You are weak. (Str -2) [potion of cure mutation]
 19309 | Orc:2    | Lost mutation: You have sharp toenails. [potion of cure mutation]
 19309 | Orc:2    | Lost mutation: Scrolls take you a little longer to read. [potion of cure mutation]
 19415 | Elf:1    | Entered Level 1 of the Elven Halls
 19416 | Elf:1    | Identified Sif Muna's Almanac of Creation (Sif Muna gifted it to you on level 1 of the Elven Halls)
 19416 | Elf:1    | Received a gift from Sif Muna
 19521 | Elf:1    | Gained mutation: You are covered in fur. (AC +1) [mutagenic meat]
 19601 | Elf:1    | Found Ytamewk's Gadget Emporium.
 19685 | Elf:1    | Found Diule's Distillery.
 19691 | Elf:1    | Bought a potion of mutation for 47 gold pieces
 19691 | Elf:1    | Gained mutation: Your flesh is heat resistant. (rF+) [potion of mutation]
 19691 | Elf:1    | Gained mutation: You occasionally shout uncontrollably at your foes. [potion of mutation]
 19691 | Elf:1    | Gained mutation: You are partially covered in molten scales. (AC +2) [potion of mutation]
 19807 | Elf:1    | Found a ruined silver gateway.
 19813 | Desolati | Entered the Desolation of Salt
 19913 | Desolati | Noticed an imperial myrmidon
 19924 | Desolati | Noticed an imperial myrmidon
 19966 | Desolati | HP: 3/80 [saltling (7)]
 19966 | Desolati | Killed from afar by a servant of whispers

Vault maps used:
D:1:      dpeg_arrival_rhombi
D:2:      serial_bayou_lagoon_a, uniq_robin
D:3:      kennysheep_big_flooded_room, marbit_many_paths,
          kennysheep_generic_room_2, uniq_jessica
D:4:      first_bread
D:6:      hex_large
D:7:      minitemple, uniq_menkaure, uniq_duvessa
D:8:      uniq_gastronok, uniq_grum
D:9:      nicolae_overflow_crystal_walls, dancing_weapons_uskayaw, serial_shops,
          kennysheep_mini, grunt_pizzeria, kennysheep_small_square
D:10:     erik_lair_orcish_takeover, zombieorc2_lemuel
Temple:   regret_index_temple_generic_petals
Lair:1:   st_stairs_11, minivault_27, minivault_24, bh_autumn_forest_stairs,
          serial_bayou_shore_a
Lair:2:   lemuel_fruit_tree, infiniplex_staircase_pool
Lair:3:   serial_bayou_shore_b
Lair:4:   minmay_lair_venomous_thicket, minmay_swamp_entry_swarm,
          nicolae_spider_entry_orb_guardian, basic_altar, hibernation_bobbens
Lair:5:   minmay_guarded_unrand_snakebite, cheibrodos_lair_reptile_den
Lair:6:   minmay_lair_end_frog_pond, slime_altar_1,
          nicolae_volcano_entry_lava_flow, serial_bayou_shore_b
Orc:1:    basic_altar
Orc:2:    st_orc_rangers, bloody_trog, uniq_maurice
Elf:1:    minmay_elf_arrival_plus, serial_shops, shop_fountains, shop, shop,
          nicolae_shop_overgrown_old_shop, portal_desolation_entry_ruin,
          david_defended_altar_elf
Volcano:  kennysheep_volcano_temple

Skill      XL: |  1  2  3  4  5  6  7  8  9 10 11 12 13 14 |
---------------+-------------------------------------------+-----
Conjurations   | 2 3 8 12 14 15 16 | 16.1
Spellcasting   | 8 11 13 15 16 | 16.0
Earth Magic    | 5 7 8 |  8.0
Fire Magic     | 7 8 |  8.0
Dodging        | 10 12 | 12.6
Fighting       | 4 6 |  6.0
Staves         | 2 4 |  4.6
Invocations    | 7 |  7.0
Stealth        | |  2.4
Summonings     | |  1.1
Translocations | |  1.1

Action                   |  1- 3 |  4- 6 |  7- 9 | 10-12 | 13-15 || total
-------------------------+-------+-------+-------+-------+-------++-------
Melee: Unarmed           |       |       |     5 |     1 |       ||     6
       Whip              |       |       |       |       |   148 ||   148
       Lajatang          |       |       |       |       |     8 ||     8
 Cast: Magic Dart        |    50 |       |   172 |   343 |       ||   565
       Blink             |     1 |       |     2 |     3 |    17 ||    23
       Repel Missiles    |     1 |       |     1 |       |     4 ||     6
       Conjure Flame     |     1 |       |    27 |    59 |       ||    87
       Mephitic Cloud    |       |       |    13 |    13 |     1 ||    27
       Iron Shot         |       |       |       |   153 |   154 ||   307
       Fireball          |       |       |       |    20 |   169 ||   189
       Delayed Fireball  |       |       |       |     2 |     4 ||     6
Invok: Divine Energy     |       |       |     1 |       |     1 ||     2
       Channel Magic     |       |       |       |       |     2 ||     2
       Stop Divine Energ |       |       |       |       |     1 ||     1
 Abil: Release Delayed F |       |       |       |     1 |     5 ||     6
Evoke: Wand              |       |       |       |       |     5 ||     5
  Use: Scroll            |     4 |       |     4 |    16 |    11 ||    35
       Potion            |     1 |       |     4 |     2 |     8 ||    15
 Stab: Confused          |       |       |       |     1 |       ||     1
  Eat: Chunk             |       |       |     8 |    30 |    39 ||    77
       Fruit             |       |       |     2 |     3 |       ||     5
       Bread ration      |       |       |       |     3 |       ||     3
Armor: Robe              |     7 |       |    34 |    41 |    17 ||    99
       Leather armour    |       |       |       |       |    55 ||    55
Dodge: Dodged            |    29 |       |    85 |    85 |   205 ||   404
       Deflected         |     1 |       |     1 |     1 |    17 ||    20
